[Event "December 19 Early 2023"]
[Site "https://www.chess.com"]
[Date "2023.12.19"]
[Round "5"]
[White "Mamedyarov, Shakhriyar"]
[Black "Adla, Diego"]
[Result "1-0"]
[Board "26"]
[TimeControl "180+1"]
[WhiteFideId "13401319"]
[BlackFideId "100072"]
[WhiteElo "2716"]
[BlackElo "2377"]
[WhiteTeam "AZE"]
[BlackTeam "ARG"]
[WhiteClock "0:00:57"]
[BlackClock "0:00:04"]

1. Nf3 d5 2. e3 c5 3. b3 Nf6 4. Bb2 g6 5. Bb5+ Bd7 6. Be2 Bg7 7. O-O O-O 8. c4 Nc6 9. cxd5 Nxd5 10. Bxg7 Kxg7 11. Qc1 b6 12. Rd1 e5 13. Nc3 Nxc3 14. dxc3 Qe7 15. e4 Rad8 16. Nd2 Be6 17. Nf1 Rxd1 18. Qxd1 Rd8 19. Qe1 Nb8 20. Ne3 Nd7 21. Rd1 Nf6 22. f3 Rxd1 23. Qxd1 Qd7 24. Qe1 b5 25. Kf2 a6 26. Qd1 Qxd1 27. Bxd1 Kf8 28. g4 h6 29. h4 g5 30. h5 Nd7 31. Be2 Ke8 32. Ke1 Ke7 33. Kd2 Kd6 34. Kc2 f6 35. a4 Kc6 36. Nd5 bxa4 37. bxa4 Bxd5 38. exd5+ Kb7 39. Kd3 Nb6 40. Ke4 Nxa4 41. Kf5 Nxc3 42. Bc4 Kc7 43. Kg6 e4 44. Kxh6 exf3 45. Kg7 Ne4 46. h6 Nc3 47. h7 f2 48. h8=Q Nxd5 49. Qh2+ Nf4 50. Qxf2 1-0

[Event "December 19 Early 2023"]
[Site "https://www.chess.com"]
[Date "2023.12.19"]
[Round "5"]
[White "Zemlyanskii, Ivan"]
[Black "Krysa, Leandro"]
[Result "0-1"]
[Board "27"]
[TimeControl "180+1"]
[WhiteFideId "24249971"]
[BlackFideId "116807"]
[WhiteElo "2418"]
[BlackElo "2495"]
[WhiteTeam "RUS"]
[BlackTeam "ARG"]
[WhiteClock "0:00:01"]
[BlackClock "0:00:29"]

1. d4 Nf6 2. c4 g6 3. h4 c5 4. d5 b5 5. cxb5 a6 6. e3 Bg7 7. Nc3 O-O 8. Nf3 Bb7 9. a4 e6 10. dxe6 fxe6 11. Bd3 axb5 12. Nxb5 d5 13. Ng5 Qe7 14. h5 h6 15. Nxe6 Qxe6 16. Nc7 Qg4 17. Be2 Qxg2 18. Bf3 Qg5 19. Ne6 Qf5 20. Nxf8 Bxf8 21. hxg6 Nc6 22. Rh4 Ne5 23. Be2 Qxg6 24. Rf4 Ne4 25. Qb3 Rb8 26. a5 Qg1+ 27. Bf1 Qxf1+ 28. Kxf1 Ba6+ 29. Kg2 Rxb3 30. Bd2 Nxd2 0-1

[Event "December 19 Early 2023"]
[Site "https://www.chess.com"]
[Date "2023.12.19"]
[Round "5"]
[White "Muradli, Mahammad"]
[Black "Arabidze, Meri"]
[Result "0-1"]
[Board "29"]
[TimeControl "180+1"]
[WhiteFideId "13409301"]
[BlackFideId "13604040"]
[WhiteElo "2551"]
[BlackElo "2416"]
[WhiteTeam "AZE"]
[BlackTeam "GEO"]
[WhiteClock "0:00:01"]
[BlackClock "0:00:11"]

1. g3 d5 2. Bg2 Nf6 3. d3 e6 4. Nd2 Be7 5. Ngf3 O-O 6. e4 c5 7. O-O Nc6 8. c3 b5 9. a4 b4 10. c4 dxe4 11. dxe4 e5 12. b3 Qc7 13. Bb2 Nd4 14. Bxd4 cxd4 15. Ne1 Nd7 16. Nd3 Nc5 17. Nxb4 a5 18. Nd5 Qb7 19. f4 Bd6 20. fxe5 Bxe5 21. Nf3 Bg4 22. Rb1 f6 23. h3 Bxf3 24. Qxf3 Rab8 25. g4 h6 26. h4 Nxb3 27. Qf5 Qf7 28. g5 hxg5 29. hxg5 Qh5 30. Ne7+ Kh8 31. Ng6+ Kg8 32. Qe6+ Kh7 33. Nxe5 fxe5 34. Rxf8 Rxf8 35. Rxb3 Qd1+ 36. Kh2 Qxb3 37. Qxe5 d3 38. Qd6 Qb8 39. e5 Qxd6 40. exd6 d2 41. Be4+ g6 42. Bc2 Rc8 43. Kg3 Rxc4 44. Bd1 Rd4 45. Kf3 Rxd6 46. Ke3 Kg7 0-1

[Event "December 19 Early 2023"]
[Site "https://www.chess.com"]
[Date "2023.12.19"]
[Round "5"]
[White "Praggnanandhaa R"]
[Black "Cieslak, Patryk"]
[Result "1-0"]
[Board "30"]
[TimeControl "180+1"]
[WhiteFideId "25059530"]
[BlackFideId "21078882"]
[WhiteElo "2665"]
[BlackElo "2149"]
[WhiteTeam "IND"]
[BlackTeam "POL"]
[WhiteClock "0:01:22"]
[BlackClock "0:00:58"]

1. d4 d5 2. Bf4 c5 3. e3 Nc6 4. c3 Nf6 5. Nd2 Bf5 6. Ngf3 e6 7. Be2 Bd6 8. dxc5 Bxc5 9. Nh4 Bg6 10. Nxg6 hxg6 11. Nf3 Bd6 12. Bg5 Be7 13. Qb3 Qc8 14. O-O O-O 15. Rac1 Ne4 16. Bxe7 Nxe7 17. c4 Nc5 18. Qa3 b6 19. cxd5 Qb7 20. b4 Ne4 21. dxe6 fxe6 22. Qb3 Nd5 23. Bd3 Rxf3 24. Bxe4 Rf6 25. Rfd1 Rd8 26. h4 Qf7 27. Rd2 Rf8 28. Rxd5 Rxf2 29. Rg5 Re2 30. Bf3 1-0

[Event "December 19 Early 2023"]
[Site "https://www.chess.com"]
[Date "2023.12.19"]
[Round "5"]
[White "Vokhidov, Shamsiddin"]
[Black "Volkov, Maksim"]
[Result "1-0"]
[Board "31"]
[TimeControl "180+1"]
[WhiteFideId "14204223"]
[BlackFideId "54123070"]
[WhiteElo "2588"]
[BlackElo "2293"]
[WhiteTeam "UZB"]
[BlackTeam "RUS"]
[WhiteClock "0:02:07"]
[BlackClock "0:00:34"]

1. e4 c5 2. d4 cxd4 3. Nf3 e5 4. c3 dxc3 5. Nxc3 d6 6. Bc4 Be7 7. Qb3 Be6 8. Bxe6 fxe6 9. Qxe6 Qd7 10. Qb3 Nc6 11. O-O Nf6 12. Rd1 h6 13. Be3 Na5 14. Qc2 O-O 15. Nxe5 Qe6 16. Ng6 Rf7 17. Qa4 Nc4 18. Nf4 Qc8 19. Bd4 Nxb2 20. Qb3 Nxd1 21. Rxd1 Qe8 22. Nb5 Qc6 23. Bxf6 gxf6 24. Nd5 Kh8 25. Nb4 Qxb5 26. Qxf7 Qe8 27. Qe6 Kg7 28. Nd5 1-0

[Event "December 19 Early 2023"]
[Site "https://www.chess.com"]
[Date "2023.12.19"]
[Round "5"]
[White "Khumalo, Keith"]
[Black "Grandelius, Nils"]
[Result "0-1"]
[Board "32"]
[TimeControl "180+1"]
[WhiteFideId "14319470"]
[BlackFideId "1710400"]
[WhiteElo "2093"]
[BlackElo "2573"]
[WhiteTeam "RSA"]
[BlackTeam "SWE"]
[WhiteClock "0:00:43"]
[BlackClock "0:00:08"]

1. d4 Nf6 2. c4 g6 3. f3 e5 4. dxe5 Nh5 5. Nh3 Nc6 6. g4 Ng7 7. Bg5 Be7 8. f4 O-O 9. Nc3 Bxg5 10. Nxg5 Nxe5 11. e3 d6 12. h3 Re8 13. Kf2 h6 14. Nge4 Qh4+ 15. Kg2 Nc6 16. Qe1 Qd8 17. Rd1 f5 18. Nf2 Be6 19. c5 d5 20. Kh2 Qh4 21. Kg2 Rad8 22. Nb5 Rd7 23. Be2 a6 24. Nd4 Nxd4 25. Rxd4 Bf7 26. Bf3 Qe7 27. Nd3 c6 28. Ne5 Rc7 29. Kf2 Qxc5 30. Qd2 Rxe5 31. fxe5 Qe7 32. Qc3 Kh7 33. Rd2 Qh4+ 34. Kg2 Re7 35. Qd4 Ne6 36. Qb4 fxg4 37. hxg4 Qg5 38. Kf2 Ng7 39. Qf4 Rxe5 40. Qxg5 Rxg5 41. e4 dxe4 42. Bxe4 Rxg4 43. Kf3 Be6 44. Rd6 Rg5 45. Kf4 Rb5 46. b3 Bf5 47. Rg1 Rb4 48. Re1 Nh5+ 49. Ke5 Rb5+ 50. Kd4 Ng7 51. Kc4 Re5 52. Kd4 Re7 53. Re2 Bxe4 54. Rxe4 Nf5+ 55. Kd3 Rxe4 56. Rd7+ Re7 57. Rd8 Kg7 58. b4 h5 59. a4 h4 60. b5 axb5 61. axb5 cxb5 62. Ra8 h3 63. Ra2 Re3+ 64. Kc2 Kh6 0-1

[Event "December 19 Early 2023"]
[Site "https://www.chess.com"]
[Date "2023.12.19"]
[Round "5"]
[White "Aaditya Dhingra"]
[Black "Galchenko, Matvey"]
[Result "0-1"]
[Board "33"]
[TimeControl "180+1"]
[WhiteFideId "25678191"]
[BlackFideId "24175480"]
[WhiteElo "2269"]
[BlackElo "2424"]
[WhiteTeam "IND"]
[BlackTeam "FID"]
[WhiteClock "0:00:49"]
[BlackClock "0:01:18"]

1. a3 e5 2. c4 c6 3. Nc3 d5 4. d4 exd4 5. Qxd4 Nf6 6. Nf3 dxc4 7. Qxd8+ Kxd8 8. Bg5 b5 9. Bxf6+ gxf6 10. e3 Kc7 11. Be2 Nd7 12. O-O Nc5 13. Nd4 Rb8 14. Bf3 Bd7 15. Rfd1 Bd6 16. Rac1 Be5 17. Na2 a5 18. Nc3 Rhd8 19. Ne4 Nxe4 20. Bxe4 c5 21. f4 cxd4 22. fxe5 fxe5 23. exd4 Bg4 24. Rf1 exd4 25. Rxf7+ Kd6 26. a4 d3 27. Bf3 Bxf3 28. Rxf3 Kc5 29. axb5 Rxb5 30. Rf4 d2 31. Rcxc4+ Kb6 32. Rf6+ Kb7 0-1

[Event "December 19 Early 2023"]
[Site "https://www.chess.com"]
[Date "2023.12.19"]
[Round "5"]
[White "Zhigalko, Sergei"]
[Black "Rozman, Levy"]
[Result "1-0"]
[Board "34"]
[TimeControl "180+1"]
[WhiteFideId "13502956"]
[BlackFideId "2039877"]
[WhiteElo "2616"]
[BlackElo "2376"]
[WhiteTeam "BLR"]
[BlackTeam "USA"]
[WhiteClock "0:00:06"]
[BlackClock "0:00:03"]

1. e4 d5 2. exd5 Qxd5 3. Nc3 Qa5 4. d4 Nf6 5. Nf3 Bf5 6. Ne5 c6 7. Bd3 Bxd3 8. Qxd3 Nbd7 9. Nxd7 Nxd7 10. O-O e6 11. Qg3 O-O-O 12. Bf4 Nf6 13. Be5 Nd7 14. Bf4 Nf6 15. Be5 Nd7 16. Rfd1 h5 17. Ne4 h4 18. Qf4 f6 19. Bd6 Qf5 20. h3 Qxf4 21. Bxf4 Nb6 22. c3 Na4 23. b3 Nb6 24. Re1 Re8 25. Re2 Nd5 26. Bd2 Nc7 27. Rae1 b6 28. c4 Kd7 29. Bf4 Bb4 30. Rd1 Re7 31. a3 Bxa3 32. Ra1 Bb4 33. Rxa7 Rc8 34. c5 bxc5 35. Bd6 Rf7 36. Bxc5 Rb8 37. Bxb4 Rxb4 38. Nc5+ Kd6 39. Nxe6 Re7 40. Rxc7 Rxe6 41. Rxc6+ Kxc6 42. Rxe6+ Kd7 43. Re4 g5 44. g3 hxg3 45. fxg3 Rxb3 46. Kg2 Kd6 47. h4 gxh4 48. gxh4 Rb2+ 49. Kf3 Kd5 50. Rg4 Rb3+ 51. Kf4 Kxd4 52. Kf5+ Kd5 53. Kxf6 Rh3 54. Kg6 Ke5 55. h5 Ke6 56. h6 Ke7 57. h7 Kf8 58. Rf4+ Ke7 59. Re4+ Kf8 60. Rf4+ Ke7 61. Rf5 Rg3+ 62. Rg5 Rh3 63. Kg7 1-0

[Event "December 19 Early 2023"]
[Site "https://www.chess.com"]
[Date "2023.12.19"]
[Round "5"]
[White "Yeritsyan, Hayk"]
[Black "Shevchenko, Kirill"]
[Result "0-1"]
[Board "35"]
[TimeControl "180+1"]
[WhiteFideId "13307320"]
[BlackFideId "14129574"]
[WhiteElo "2130"]
[BlackElo "2603"]
[WhiteTeam "ARM"]
[BlackTeam "ROU"]
[WhiteClock "0:00:06"]
[BlackClock "0:00:10"]

1. d4 d5 2. c4 e5 3. dxe5 d4 4. Nf3 Nc6 5. a3 g6 6. g3 Bg7 7. Bg2 Nxe5 8. Nxe5 Bxe5 9. O-O Ne7 10. Nd2 O-O 11. Nf3 Bg7 12. b4 Be6 13. Bb2 Bxc4 14. Bxd4 c6 15. Re1 Re8 16. Rc1 Be6 17. Bxg7 Kxg7 18. Nd4 Nf5 19. Nxe6+ Rxe6 20. e3 Rd6 21. Qb3 a6 22. Red1 Qf6 23. Rxd6 Nxd6 24. Rd1 Rd8 25. Rd4 Nb5 26. Rxd8 Qxd8 27. a4 Nc7 28. h4 Qd2 29. Bf3 Ne6 30. Kg2 h5 31. Qc4 Qb2 32. a5 Qe5 33. Qb3 Nc7 34. Qc4 Nb5 35. Qd3 Nd6 36. Qc2 Kf6 37. Qd2 Ke7 38. Qc2 Kd7 39. Qb3 Kc7 40. Kg1 c5 41. bxc5 Qxc5 42. Bxb7 Nxb7 43. Qxf7+ Kb8 44. Qxg6 Nxa5 45. g4 Nc6 46. gxh5 Ne5 47. Qg8+ Qc8 48. Qg3 Qc1+ 49. Kg2 Qc6+ 50. Kh2 Qe4 51. h6 Kb7 52. Qg2 Qxg2+ 53. Kxg2 a5 54. f4 Nf7 55. h7 a4 56. e4 a3 57. e5 a2 58. e6 a1=Q 59. exf7 Qh8 60. Kh3 Kc7 61. Kg4 Kd7 62. Kg5 Ke7 63. Kg6 Qf6+ 64. Kh5 Kxf7 65. Kg4 Qg6+ 0-1

[Event "December 19 Early 2023"]
[Site "https://www.chess.com"]
[Date "2023.12.19"]
[Round "5"]
[White "Corrales Jimenez, Fidel"]
[Black "Thorfinnsson, Bjorn"]
[Result "0-1"]
[Board "36"]
[TimeControl "180+1"]
[WhiteFideId "3506690"]
[BlackFideId "2300982"]
[WhiteElo "2507"]
[BlackElo "2394"]
[WhiteTeam "USA"]
[BlackTeam "ISL"]
[WhiteClock "0:00:00"]
[BlackClock "0:00:06"]

1. e4 e5 2. Nf3 Nc6 3. d4 exd4 4. Nxd4 Nf6 5. Nc3 Nxe4 6. Nxe4 Qe7 7. Nb5 Qxe4+ 8. Be2 Kd8 9. O-O Bc5 10. Bf3 Qg6 11. Bh5 Qf6 12. Nc3 d6 13. Nd5 Qf5 14. c3 Be6 15. Nf4 g6 16. Bf3 Re8 17. b4 Bb6 18. a4 a6 19. Nxe6+ fxe6 20. h4 Rf8 21. Bh6 Rf7 22. b5 axb5 23. axb5 Rxa1 24. Qxa1 Qxb5 25. c4 Qxc4 26. Qh8+ Kd7 27. Bg5 Ne7 28. Bxb7 d5 29. Qa1 Qe2 30. Qa4+ c6 31. Bf4 e5 32. Bg3 Qb5 33. Qg4+ Nf5 34. Bxe5 Ke7 35. Bc8 Kf8 36. Be6 Re7 37. Bxf5 Rxe5 0-1

[Event "December 19 Early 2023"]
[Site "https://www.chess.com"]
[Date "2023.12.19"]
[Round "5"]
[White "Piesik, Piotr"]
[Black "Sjugirov, Sanan"]
[Result "0-1"]
[Board "37"]
[TimeControl "180+1"]
[WhiteFideId "1136194"]
[BlackFideId "4189302"]
[WhiteElo "2319"]
[BlackElo "2569"]
[WhiteTeam "CZE"]
[BlackTeam "HUN"]
[WhiteClock "0:00:31"]
[BlackClock "0:00:11"]

1. Nf3 d5 2. g3 Bg4 3. Bg2 Nd7 4. O-O Ngf6 5. d3 c6 6. Nbd2 e6 7. e4 Be7 8. h3 Bh5 9. Qe1 O-O 10. Kh2 a5 11. a4 Nc5 12. e5 Nfd7 13. Nd4 Na6 14. f4 Bc5 15. N2b3 Bxd4 16. Nxd4 Re8 17. Bd2 Qb6 18. Nb3 Nb4 19. Bxb4 axb4 20. a5 Qb5 21. d4 c5 22. g4 Bg6 23. f5 exf5 24. gxf5 Bh5 25. Qh4 Be2 26. Rf2 Bc4 27. f6 gxf6 28. exf6 Kh8 29. Rf5 Rg8 30. Rh5 Nf8 31. Nxc5 b6 32. Nb7 Qc6 33. a6 Rxa6 34. Rxa6 Bxa6 35. Bxd5 Qxc2+ 36. Kh1 Qd1+ 0-1

[Event "December 19 Early 2023"]
[Site "https://www.chess.com"]
[Date "2023.12.19"]
[Round "5"]
[White "Munkhgal, Gombosuren"]
[Black "Zakhartsov, Vladimir"]
[Result "0-1"]
[Board "38"]
[TimeControl "180+1"]
[WhiteFideId "4901266"]
[BlackFideId "4145097"]
[WhiteElo "2519"]
[BlackElo "2448"]
[WhiteTeam "MGL"]
[BlackTeam "RUS"]
[WhiteClock "0:00:07"]
[BlackClock "0:00:19"]

1. d4 Nf6 2. Bf4 c5 3. e3 d5 4. dxc5 Nc6 5. Bb5 e6 6. b4 Be7 7. Nf3 O-O 8. Bxc6 bxc6 9. O-O a5 10. c3 Nd7 11. Ne5 Nxe5 12. Bxe5 f6 13. Bg3 e5 14. Nd2 Ba6 15. Re1 Rb8 16. a3 Qd7 17. Nb3 a4 18. Na5 Bb5 19. c4 Ba6 20. cxd5 cxd5 21. c6 Qe6 22. Qxa4 Bb5 23. Qc2 Rbc8 24. Rac1 Bd8 25. Qc5 Ba4 26. f4 h5 27. Qc3 Re8 28. fxe5 fxe5 29. Qc5 h4 30. Bf2 h3 31. gxh3 Bxa5 32. Qxa5 Bxc6 33. Qb6 Qd7 34. Bg3 d4 35. e4 d3 36. Qe3 d2 37. Qb3+ Kh7 38. Qf3 dxc1=Q 39. Rxc1 Qd4+ 40. Bf2 Qxe4 41. Qh5+ Kg8 42. Rxc6 Qxc6 0-1

[Event "December 19 Early 2023"]
[Site "https://www.chess.com"]
[Date "2023.12.19"]
[Round "5"]
[White "Wadsworth, Matthew J"]
[Black "Mahdavi, Reza"]
[Result "0-1"]
[Board "39"]
[TimeControl "180+1"]
[WhiteFideId "415804"]
[BlackFideId "12595926"]
[WhiteElo "2266"]
[BlackElo "2426"]
[WhiteTeam "ENG"]
[BlackTeam "IRI"]
[WhiteClock "0:00:00"]
[BlackClock "0:00:09"]

1. c4 e6 2. g3 d5 3. Bg2 Nf6 4. Nf3 d4 5. O-O c5 6. e3 Nc6 7. exd4 cxd4 8. d3 Bd6 9. Bg5 h6 10. Bxf6 Qxf6 11. Nbd2 Qe7 12. Re1 O-O 13. a3 a5 14. Nb3 Qf6 15. c5 Bc7 16. Rc1 Rd8 17. Nbd2 Bd7 18. Qb3 Rab8 19. Ne4 Qe7 20. Nfd2 b5 21. Nd6 a4 22. Qc2 Na5 23. N2e4 Bc6 24. Qe2 Nb3 25. Rc2 f5 26. Nd2 Bxg2 27. Kxg2 Nxd2 28. Qxd2 Bxd6 29. cxd6 Rxd6 30. Qb4 Qd7 31. Rce2 Qc6+ 32. Kg1 Re8 33. Re5 Rd5 34. h4 Kh7 35. b3 Rxe5 36. Rxe5 axb3 37. Qxb3 Qf3 38. Rxe6 Rxe6 39. Qxe6 Qxd3 40. Qf7 Qb1+ 41. Kg2 Qe4+ 42. Kg1 d3 43. h5 f4 44. gxf4 d2 45. Qd7 Qb1+ 46. Kg2 d1=Q 0-1

[Event "December 19 Early 2023"]
[Site "https://www.chess.com"]
[Date "2023.12.19"]
[Round "5"]
[White "Gubajdullin, Alexei"]
[Black "Kovalev, Vladislav"]
[Result "0-1"]
[Board "40"]
[TimeControl "180+1"]
[WhiteFideId "4141202"]
[BlackFideId "13504398"]
[WhiteElo "2274"]
[BlackElo "2539"]
[WhiteTeam "RUS"]
[BlackTeam "FID"]
[WhiteClock "0:00:03"]
[BlackClock "0:00:04"]

1. e4 e5 2. Nf3 Nc6 3. d4 exd4 4. Bc4 Nf6 5. e5 d5 6. Bb5 Nd7 7. Bg5 Be7 8. Bxe7 Qxe7 9. O-O O-O 10. Bxc6 bxc6 11. Qxd4 Re8 12. Re1 f6 13. e6 Ne5 14. Nxe5 Qxe6 15. f4 fxe5 16. Rxe5 Qf7 17. Rxe8+ Qxe8 18. Nc3 Bf5 19. Na4 Bxc2 20. Nc5 Qe7 21. Rc1 Re8 22. h3 Bg6 23. Kh2 h5 24. Rc3 h4 25. Ra3 Qe2 26. Rxa7 Qe1 27. Ra3 Re2 28. f5 Bxf5 29. Qf4 Rf2 30. Ra8+ Kf7 31. Qxc7+ Kg6 32. Qxc6+ Kh7 33. Qxd5 Rf1 34. g4 Qe2+ 35. Qg2 Qe5+ 0-1

[Event "December 19 Early 2023"]
[Site "https://www.chess.com"]
[Date "2023.12.19"]
[Round "5"]
[White "Espinoza Villanueva, Rodrigo"]
[Black "Jones, Gawain C B"]
[Result "0-1"]
[Board "41"]
[TimeControl "180+1"]
[WhiteFideId "5140188"]
[BlackFideId "409561"]
[WhiteElo "1907"]
[BlackElo "2645"]
[WhiteTeam "MEX"]
[BlackTeam "ENG"]
[WhiteClock "0:00:00"]
[BlackClock "0:00:02"]

1. Nf3 Nf6 2. g3 b6 3. Bg2 Bb7 4. O-O c5 5. c4 Nc6 6. b3 d5 7. cxd5 Nxd5 8. Bb2 e6 9. d4 Nf6 10. dxc5 Qxd1 11. Rxd1 Bxc5 12. a3 a5 13. Nc3 Ke7 14. Na4 Rhd8 15. Rac1 Rxd1+ 16. Rxd1 Ne4 17. e3 f6 18. Ne1 Nd8 19. Rc1 Nd2 20. Nxc5 bxc5 21. Bxb7 Nxb7 22. Rc3 Ne4 23. Rc2 g5 24. f3 Ned6 25. Kf2 a4 26. bxa4 Rxa4 27. Nd3 Nc4 28. Bc1 g4 29. fxg4 Kd6 30. e4 Ne5 31. Nxe5 Kxe5 32. Bb2+ Kxe4 33. Bxf6 Rxa3 34. Be7 Kd5 35. g5 Ra4 36. h4 c4 37. Kf3 Ra1 38. Kg4 Rf1 39. h5 Nc5 40. g6 hxg6 41. hxg6 Nd3 42. Kg5 Rf5+ 43. Kh6 Ne5 44. g7 Ng4+ 45. Kg6 Ne5+ 0-1

[Event "December 19 Early 2023"]
[Site "https://www.chess.com"]
[Date "2023.12.19"]
[Round "5"]
[White "Karttunen, Mika"]
[Black "Szpar, Milosz"]
[Result "0-1"]
[Board "42"]
[TimeControl "180+1"]
[WhiteFideId "502081"]
[BlackFideId "1184989"]
[WhiteElo "2396"]
[BlackElo "2446"]
[WhiteTeam "FIN"]
[BlackTeam "POL"]
[WhiteClock "0:00:10"]
[BlackClock "0:00:15"]

1. d4 d5 2. c4 e6 3. Nc3 Nf6 4. cxd5 exd5 5. Bg5 c6 6. Qc2 h6 7. Bh4 Be6 8. e3 Nbd7 9. Bd3 g5 10. Bg3 Nh5 11. Nge2 Nxg3 12. Nxg3 h5 13. Nf5 h4 14. O-O-O Qa5 15. Kb1 O-O-O 16. g4 Kb8 17. h3 Rc8 18. Qa4 Qd8 19. Rhf1 a6 20. f4 Ka7 21. fxg5 Qxg5 22. Rf3 Nb6 23. Qc2 c5 24. Qh2 cxd4 25. exd4 Bb4 26. Ne2 Rc6 27. Qf4 Qd8 28. a3 Be7 29. Nxe7 Qxe7 30. Qf6 Qe8 31. Qg5 Na4 32. Bc2 Rb6 33. Rb3 Qb8 34. Rxb6 Nxb6 35. Nf4 Rg8 36. Qf6 Nd7 37. Qh6 Rh8 38. Qg5 f6 39. Qg7 Rg8 40. Qe7 Re8 41. Qxe6 Rxe6 42. Nxe6 Qh2 43. Rd3 Qh1+ 44. Ka2 Qe4 45. Ng7 Nb6 46. Nf5 Qe2 47. Ka1 Qxc2 48. Rc3 Qd1+ 49. Ka2 Nc4 50. Nxh4 Qd2 51. Rb3 Qxd4 52. Nf3 Qf2 0-1

[Event "December 19 Early 2023"]
[Site "https://www.chess.com"]
[Date "2023.12.19"]
[Round "5"]
[White "Livaic, Leon"]
[Black "Skliarov, Viktor"]
[Result "1-0"]
[Board "43"]
[TimeControl "180+1"]
[WhiteFideId "14531534"]
[BlackFideId "14106736"]
[WhiteElo "2541"]
[BlackElo "2301"]
[WhiteTeam "CRO"]
[BlackTeam "UKR"]
[WhiteClock "0:00:16"]
[BlackClock "0:00:02"]

1. d4 Nf6 2. c4 e6 3. Nf3 b6 4. Bf4 Bb7 5. e3 Bb4+ 6. Nfd2 Ne4 7. a3 Nxd2 8. Nxd2 Bxd2+ 9. Qxd2 O-O 10. Bd3 d6 11. O-O Nd7 12. Bg3 f5 13. f3 Qg5 14. b4 a5 15. b5 Rae8 16. Rae1 e5 17. f4 exf4 18. Rxf4 Qg6 19. Ref1 Be4 20. Bxe4 Rxe4 21. Rxe4 fxe4 22. Rxf8+ Kxf8 23. a4 Ke8 24. Qc2 Qf5 25. h3 h5 26. Qe2 g6 27. Kh2 Kf7 28. Bh4 Ke8 29. Kg1 Kf7 30. Bd8 Qe6 31. Bxc7 Nf6 32. Bxb6 h4 33. Bxa5 Nh5 34. Be1 g5 35. Qxh5+ 1-0

[Event "December 19 Early 2023"]
[Site "https://www.chess.com"]
[Date "2023.12.19"]
[Round "5"]
[White "Boyer, Mahel"]
[Black "Yeletsky, Ivan"]
[Result "0-1"]
[Board "44"]
[TimeControl "180+1"]
[WhiteFideId "45102422"]
[BlackFideId "24180327"]
[WhiteElo "2449"]
[BlackElo "2379"]
[WhiteTeam "FRA"]
[BlackTeam "RUS"]
[WhiteClock "0:00:00"]
[BlackClock "0:00:06"]

1. e4 Nf6 2. e5 Nd5 3. d4 d6 4. c4 Nb6 5. f4 dxe5 6. fxe5 c5 7. d5 g6 8. h3 Bg7 9. Nf3 O-O 10. Be2 e6 11. Bg5 f6 12. exf6 Bxf6 13. Bxf6 Qxf6 14. Nc3 exd5 15. cxd5 Na6 16. O-O Bf5 17. Qd2 Rad8 18. Rad1 Nb4 19. Ng5 Qe5 20. Nf3 Qg3 21. Qg5 Qxg5 22. Nxg5 Nc2 23. Ne6 Bxe6 24. dxe6 Rxd1 25. Rxd1 Nd4 26. Bg4 h5 27. Bf3 Nxe6 28. Bxb7 Nd4 29. Ne4 Ne2+ 30. Kh2 c4 31. Nd6 Rd8 32. Be4 Kh7 33. Re1 Rxd6 34. Rxe2 Re6 35. Kg3 Na4 36. Kf4 Nc5 37. Bf3 Nd3+ 38. Kg5 Rxe2 39. Bxe2 Nxb2 0-1

[Event "December 19 Early 2023"]
[Site "https://www.chess.com"]
[Date "2023.12.19"]
[Round "5"]
[White "Beerdsen, Thomas"]
[Black "Golubev, Mikhail"]
[Result "1-0"]
[Board "45"]
[TimeControl "180+1"]
[WhiteFideId "1030108"]
[BlackFideId "14100983"]
[WhiteElo "2550"]
[BlackElo "2352"]
[WhiteTeam "NED"]
[BlackTeam "UKR"]
[WhiteClock "0:01:45"]
[BlackClock "0:00:00"]

1. e4 c5 2. Nf3 d6 3. d4 cxd4 4. Nxd4 Nf6 5. Nc3 g6 6. h3 Nc6 7. Nf3 Bg7 8. Bc4 O-O 9. O-O b6 10. Bg5 Bb7 11. Qe2 Rc8 12. Rad1 Na5 13. Bb3 Qc7 14. Rfe1 a6 15. Qe3 b5 16. a3 Qc5 17. Qf4 Nxb3 18. cxb3 b4 19. Na4 Qc2 20. Nd4 Qc7 21. Bxf6 Bxf6 22. axb4 Bxd4 23. Rxd4 e5 24. Qf6 exd4 25. Qxd4 Qe7 26. Nb6 Rc2 27. Nc4 d5 28. Ne3 Rcc8 29. Ng4 f6 30. e5 fxe5 31. Rxe5 Qg7 32. Qe3 h5 33. Re7 Rf7 34. Nh6+ Qxh6 35. Qxh6 Rxe7 36. Qxg6+ Rg7 37. Qe6+ Kh8 38. Qe5 Kg8 39. Kh2 d4 40. g4 Rd8 41. Qe6+ Kh8 42. Qh6+ Kg8 43. Qe6+ Kh8 44. Qf6 Rd7 45. gxh5 Kg8 46. Qe6+ Rdf7 47. h4 1-0

[Event "December 19 Early 2023"]
[Site "https://www.chess.com"]
[Date "2023.12.19"]
[Round "5"]
[White "Kezin, Roman"]
[Black "Iskusnyh, Sergei"]
[Result "1-0"]
[Board "46"]
[TimeControl "180+1"]
[WhiteFideId "24124621"]
[BlackFideId "4120027"]
[WhiteElo "2492"]
[BlackElo "2455"]
[WhiteTeam "RUS"]
[BlackTeam "RUS"]
[WhiteClock "0:00:18"]
[BlackClock "0:00:00"]

1. Nf3 d5 2. g3 Nf6 3. Bg2 c6 4. O-O Bf5 5. c4 e6 6. d3 dxc4 7. dxc4 Qxd1 8. Rxd1 Nbd7 9. Nc3 Be7 10. Nh4 Bc2 11. Rd2 Bg6 12. Nxg6 hxg6 13. b3 O-O-O 14. Bb2 Nc5 15. Rad1 Rxd2 16. Rxd2 Rd8 17. Rxd8+ Kxd8 18. h4 Ncd7 19. Ne4 Nxe4 20. Bxe4 Bf6 21. Ba3 Be7 22. Bc1 Kc7 23. Kg2 a5 24. Bc2 a4 25. bxa4 Nb6 26. Bb3 c5 27. a5 Nd7 28. Ba4 Ne5 29. Bb5 Nc6 30. a6 bxa6 31. Bxa6 Nb4 32. Bb5 Nxa2 33. Bb2 f6 34. Be8 Nb4 35. Bxg6 Nc6 36. f4 Kd7 37. g4 Bd6 38. e3 Ke7 39. Kf3 Kf8 40. Bc3 Bc7 41. Be4 Na5 42. Bd3 Nc6 43. g5 Nb4 44. Bb1 Kf7 45. h5 Nc6 46. gxf6 gxf6 47. h6 Bd8 48. Be4 Nb4 49. f5 exf5 50. Bxf5 Nc6 51. Ke4 Ne5 52. h7 Kg7 53. Bxe5 fxe5 54. Kxe5 Bg5 55. e4 Bf6+ 56. Kd6 Bd4 57. e5 Be3 58. e6 Bd4 59. e7 Kf7 60. Kd7 1-0

[Event "December 19 Early 2023"]
[Site "https://www.chess.com"]
[Date "2023.12.19"]
[Round "5"]
[White "Hong, Andrew"]
[Black "Sipila, Vilka"]
[Result "1-0"]
[Board "47"]
[TimeControl "180+1"]
[WhiteFideId "2099438"]
[BlackFideId "505455"]
[WhiteElo "2460"]
[BlackElo "2343"]
[WhiteTeam "USA"]
[BlackTeam "FIN"]
[WhiteClock "0:01:46"]
[BlackClock "0:01:18"]

1. d4 f5 2. g4 d5 3. Nf3 Nf6 4. g5 Ne4 5. Bf4 e6 6. Nbd2 c5 7. e3 Nc6 8. Bb5 Bd6 9. c3 O-O 10. h4 cxd4 11. cxd4 Bxf4 12. exf4 Qb6 13. Bxc6 bxc6 14. O-O Ba6 15. Re1 Qxb2 16. Qb3 Rab8 17. Qe3 Qc2 18. Rec1 Qa4 19. Nxe4 fxe4 20. Ne5 Rb2 21. Rxc6 Re2 22. Qh3 Bc8 23. Rxc8 Qa6 24. Rxf8+ Kxf8 25. Rc1 e3 26. fxe3 Qxa2 27. Rc8+ Ke7 28. Re8+ 1-0